 Dungeon Crawl Stone Soup version 0.20-a0-1089-g3fde505 (webtiles) character file.

231 Alarkh the Chopper (level 5, -2/41 HPs)
             Began as a Demonspawn Chaos Knight on May 3, 2017.
             Slain by a hellwing (6 damage)
             ... summoned by Xom
             ... on level 4 of the Dungeon.
             The game lasted 00:02:52 (3698 turns).

Alarkh the Chopper (Demonspawn Chaos Knight)        Turns: 3698, Time: 00:02:52

Health: -2/41      AC:  6    Str: 10    XL:     5   Next: 72%
Magic:  5/5        EV: 11    Int: 15    God:    Xom [......]
Gold:   192        SH:  4    Dex: 12    Spells: 4/4 levels left

rFire    . . .     SeeInvis +   a - +0 war axe
rCold    . . .     Gourm    .   (no shield)
rNeg     . . .     Faith    .   b - +2 leather armour
rPois    .         Spirit   .   (no helmet)
rElec    .         Reflect  .   l - +0 cloak
rCorr    .         Harm     .   (no gloves)
MR       .....                  (no boots)
Stlth    ++........             (no amulet)
Regen    0.2/turn               t - ring of see invisible
MPRegen  0.1/turn               (no ring)

@: about to teleport
A: talons 1, large bone plates 1, nightstalker 1, weak 1
a: Renounce Religion


You were on level 4 of the Dungeon.
You worshipped Xom.
You were a very special plaything of Xom.
You were not hungry.

You visited 1 branch of the dungeon, and saw 4 of its levels.

You collected 192 gold pieces.

Inventory:

Hand Weapons
 a - a +0 war axe (weapon)
 s - a +0 hand axe of chaos
Armour
 b - a +2 leather armour (worn)
 l - a +0 cloak (worn)
Jewellery
 t - a ring of see invisible (left hand)
Scrolls
 e - a scroll of immolation {unknown}
 g - a scroll of enchant armour {unknown}
 i - 3 scrolls of identify {unknown}
 k - a scroll of remove curse
 n - a scroll of teleportation
 v - a scroll of random uselessness {unknown}
Potions
 d - a potion of resistance
 j - 3 potions of flight {unknown}
 m - a potion of magic
 q - a potion of degeneration {unknown}
 u - a potion of haste {unknown}
Books
 r - a book of Callings

   Spells                             Type                      Level
   a - Summon Small Mammal            Summoning                    1
   b - Call Imp                       Summoning                    2
   c - Call Canine Familiar           Summoning                    3
   d - Summon Guardian Golem          Hexes/Summoning              3
   e - Summon Lightning Spire         Summoning/Air                4
   f - Summon Ice Beast               Ice/Summoning                4
Comestibles
 c - 3 bread rations
 f - 2 meat rations
 h - a royal jelly
 p - 3 fruits


   Skills:
 - Level 3.0 Fighting
 + Level 5.9 Axes
 - Level 1.7 Armour
 - Level 0.8 Dodging


You had 4 spell levels left.
You didn't know any spells.

Dungeon Overview and Level Annotations

Branches:
Dungeon (4/15)
 Temple: D:4-7

Altars:
Okawaru
The Shining One


Innate Abilities, Weirdness & Mutations

You have sharp toenails.
You are partially covered in large bone plates. (SH +4)
You are slightly more attuned to the shadows.
You are weak. (Str -2)


Message History

The iron imp is heavily wounded.
You barely miss the hellwing. You barely miss the orc.
The hellwing hits you but does no damage.
The hellwing barely misses you.
The iron imp hits you but does no damage.
The orc hits you with a falchion. The hellwing hits you.
The hellwing hits you but does no damage.
The iron imp shouts, "Decamp, thou peaked toot-wallowing ratsbane!"
The hellwing swoops through the air toward you!
The hellwing hits you but does no damage.
You block the hellwing's attack. The hellwing hits you!
* * * LOW HITPOINT WARNING * * *
You block the hellwing's attack.
As you read the scroll of teleportation, it crumbles to dust.
You feel strangely unstable.
The hellwing hits you but does no damage.
The hellwing hits you.
You die... "What!?
That's it?"

.... ..# ...## ..#
... ..#
##+##o###..####
...............
##.##.##..#####
#...o......
###########4######
#.........@.......
#.#####......####.
#.#..........#
#.#..........#
#.#...#......#
###.#...#####+##
#...#...####
##...#<......
#....#.#########


You could see a hellwing and an orc.

Vanquished Creatures
  Jessica (D:2)
  An iguana (D:4)
  A hound skeleton (D:4)
  6 adders
  An ooze (D:1)
  2 adder zombies (D:3)
  2 worms
  A dart slug (D:2)
  4 leopard geckos
  6 orcs
  A giant cockroach (D:1)
  7 goblins
  8 hobgoblins
  4 jackals (D:2)
  13 kobolds
  3 quokkas
  A ball python (D:2)
  7 bats
  8 frilled lizards
  A giant cockroach zombie (D:3)
  9 rats
87 creatures vanquished.

Notes
Turn   | Place    | Note
-------+----------+-------------------------------------------
     0 | D:1      | Alarkh the Demonspawn Chaos Knight began the quest for the Orb.
     0 | D:1      | Reached XP level 1. HP: 18/18 MP: 1/1
   158 | D:1      | Reached skill level 3 in Axes
   360 | D:1      | XOM: harmless Hex miscast
   383 | D:1      | Gained mutation: You are slightly more attuned to the shadows. [demonic ancestry]
   383 | D:1      | Reached XP level 2. HP: 24/24 MP: 2/2
  1336 | D:2      | Reached XP level 3. HP: 29/29 MP: 3/3
  1508 | D:2      | XOM: potion effect (haste)
  1520 | D:2      | Reached skill level 4 in Axes
  1764 | D:2      | Found an iron altar of Okawaru.
  1831 | D:2      | XOM: god gift: 7 needles of sleeping
  1880 | D:2      | Gained mutation: You have sharp toenails. [demonic ancestry]
  1880 | D:2      | Reached XP level 4. HP: 27/35 MP: 4/4
  1991 | D:2      | Noticed Jessica
  2003 | D:2      | Killed Jessica
  2342 | D:3      | Reached skill level 5 in Axes
  2685 | D:3      | Gained mutation: You are partially covered in large bone plates. (SH +4) [demonic ancestry]
  2685 | D:3      | Reached XP level 5. HP: 41/41 MP: 5/5
  2716 | D:3      | XOM: harmless Pois miscast
  3026 | D:3      | XOM: give mutation
  3026 | D:3      | Gained mutation: You are weak. (Str -2) [Xom's mischief]
  3117 | D:3      | XOM: mild Necr miscast
  3624 | D:4      | Found a glowing golden altar of the Shining One.
  3687 | D:4      | XOM: summons 2 hostile demons
  3688 | D:4      | Noticed a hellwing
  3698 | D:4      | Slain by a hellwing

Vault maps used:
D:1:      minmay_arrival_nine_rooms, minmay_misc_feat_hallway
D:2:      okawaru_trees_2, uniq_jessica
D:3:      serial_undead, serial_undead_c, serial_undead_c, serial_undead_c,
          serial_undead_b, minmay_randomly_rotated_circles
D:4:      first_bread, portal_sewer_entry_a, tso_metal_star

Skill      XL: |  1  2  3  4 |
---------------+-------------+-----
Axes           | 3 4 5 |  5.9
Fighting       | |  3.0
Armour         | |  1.7
Dodging        | |  0.8

Action                   |  1- 3 |  4- 6 || total
-------------------------+-------+-------++-------
Melee: Hand axe          |   123 |    90 ||   213
       Kick              |       |    13 ||    13
       War axe           |       |    50 ||    50
  Use: Potion            |     4 |       ||     4
       Scroll            |       |     3 ||     3
 Stab: Sleeping          |     3 |    11 ||    14
       Paralysed         |     1 |       ||     1
  Eat: Chunk             |     3 |     6 ||     9
Armor: Leather armour    |    38 |    56 ||    94
Dodge: Dodged            |    61 |    79 ||   140
Block: Other             |       |    17 ||    17
